 Dungeon Crawl Stone Soup version 0.16.1-14-g82efdee (webtiles) character file.

81 KarvaRausku the Ruffian (level 4, -3/35 HPs)
             Began as a Draconian Transmuter on Apr 12, 2015.
             Was an Initiate of Okawaru.
             Slain by a gnoll
             ... wielding a +0 halberd
              (11 damage)
             ... on level 2 of the Dungeon.
             The game lasted 00:03:09 (871 turns).

KarvaRausku the Ruffian (Draconian Transmuter)       Turns: 871, Time: 00:03:09

Health: -3/35      AC:  6    Str: 12    XL:     4   Next: 19%
Magic:  1/9        EV: 12    Int: 15    God:    Okawaru [......]
Gold:   64         SH:  0    Dex: 11    Spells: 2 memorised, 5 levels left

rFire  . . .     SeeInvis .       - Unarmed
rCold  . . .     Clarity  .     (armour unavailable)
rNeg   . . .     SustAb   .     (no shield)
rPois  .         Gourm    .     (helmet restricted)
rElec  .         Spirit   .     (no cloak)
rCorr  .         Warding  .     e - +0 pair of gloves
rMut   .         Stasis   .     (no boots)
MR     .....                    (no amulet)
Stlth  +.........               (no ring)
                                (no ring)

@: very slightly contaminated, not resistant to hostile enchantments, very
unstealthy
A: unfitting armour, cold-blooded, AC +5
a: Renounce Religion


You were on level 2 of the Dungeon.
You worshipped Okawaru.
Okawaru was noncommittal.
You were hungry.

You visited 1 branch of the dungeon, and saw 2 of its levels.

You collected 64 gold pieces.

Inventory:

Missiles
 b - 25 arrows
Armour
 e - a +0 pair of gloves (worn)
Scrolls
 i - a scroll of identify {unknown}
 j - a scroll of noise {unknown}
Potions
 c - a potion of curing {unknown}
 h - a potion of magic {unknown}
Books
 d - a book of Changes

   Spells                             Type                      Level
   a - Beastly Appendage              Transmutation                1
   b - Sticks to Snakes               Transmutation                2
   c - Spider Form                    Transmutation/Poison         3
   d - Ice Form                       Ice/Transmutation            4
   e - Blade Hands                    Transmutation                5
Comestibles
 a - 2 bread rations
 g - a slice of pizza


   Skills:
 + Level 1.4 Fighting
 - Level 1.7 Dodging
 + Level 3.3 Unarmed Combat
 + Level 3.0 Spellcasting
 + Level 3.0 Transmutations
 + Level 1.0 Poison Magic


You had 5 spell levels left.
You knew the following spells:

 Your Spells              Type           Power        Failure   Level  Hunger
a - Beastly Appendage     Trmt           ##....       8%          1    #......
b - Spider Form           Trmt/Pois      #.........   30%         3    ###....


Dungeon Overview and Level Annotations

Branches:
Dungeon (2/15)

Altars:
Okawaru
Sif Muna


Innate Abilities, Weirdness & Mutations

Your plain brown scales are hard (AC +5).
Your body does not fit into most forms of armour.
Your cold-blooded metabolism reacts poorly to cold.


Message History

You hit the jackal but do no damage.
The jackal is poisoned.
The jackal bites you.
* * * LOW HITPOINT WARNING * * *
The gnoll misses you. The jackal completely misses you.
You hit the jackal.
You kill the jackal!
Okawaru accepts your kill.
Your transformation has ended.
Your +0 pair of gloves unmelds from your body.
The gnoll completely misses you.
You see here a jackal corpse.
Casting: Spider Form
Confirm with . or Enter, or press ? or * to list all spells.
You miscast Spider Form.
You are very lightly contaminated with residual magic.
Nothing appears to happen.
The gnoll closely misses you.
You hit the gnoll.
The gnoll is moderately wounded.
The gnoll hits you with a halberd!
You die...

+.........g.'....._.....
#.......h...###.#######.
##......######..g...#
######.........#
#.%.†..#
#..#.........#.#
#......#
#..#.....#####.#
#........ ###.....#..#
#.# #..........
#.......#..# #g#
#......### #.....######
#@# .......+ .).#...#
#'# ......."+ ...#...#
#.....)....... .#######
#............ .#
#............ .#
#......####.. ##
###..... #..... #
#......


You could see a gnoll.

Vanquished Creatures
  2 gnolls
  An adder (D:2)
  A giant mite (D:2)
  A worm (D:2)
  2 giant geckos
  2 giant cockroaches
  4 hobgoblins
  3 jackals (D:2)
  4 kobolds (D:1)
  3 bats (D:1)
  4 giant newts
  9 goblins
  A rat (D:1)
37 creatures vanquished.

Notes
Turn   | Place    | Note
--------------------------------------------------------------
     0 | D:1      | KarvaRausku, the Draconian Transmuter, began the quest for the Orb.
     0 | D:1      | Reached XP level 1. HP: 16/16 MP: 3/3
    57 | D:1      | Found an iron altar of Okawaru.
    84 | D:1      | Became a worshipper of Warmaster Okawaru
   144 | D:1      | Reached XP level 2. HP: 17/23 MP: 5/5
   437 | D:1      | Reached XP level 3. HP: 25/28 MP: 6/6
   461 | D:1      | Learned a level 3 spell: Spider Form
   823 | D:2      | Found a deep blue altar of Sif Muna.
   861 | D:2      | Reached skill level 1 in Poison Magic
   861 | D:2      | Reached XP level 4. HP: 11/35 MP: 3/9
   871 | D:2      | Slain by a gnoll

Action                   |  1- 3 |  4- 6 || total
-------------------------+-------+-------++-------
Melee: Unarmed           |    92 |     8 ||   100
 Cast: Beastly Appendage |     9 |       ||     9
       Spider Form       |     5 |       ||     5
 Stab: Sleeping          |     1 |       ||     1
